 Dungeon Crawl Stone Soup version 0.29-a0-830-gcb1280458a (webtiles) character file.

Game seed: 11087396815899880503

90 Nato the Trooper (level 4, -2/64 HPs)
             Began as a Naga Berserker on July 12, 2022.
             Was a Follower of Trog.
             Slain by Natasha (8 damage)
             ... on level 2 of the Dungeon.
             The game lasted 00:03:47 (3321 turns).

Nato the Trooper (Naga Berserker)                   Turns: 3321, Time: 00:03:48

Health: -2/64      AC:  2    Str: 21    XL:     4   Next: 56%
Magic:  4/4        EV: 10    Int:  8    God:    Trog [*.....]
Gold:   62         SH:  0    Dex: 10    Spells: 3/3 levels left

rFire   . . .      SeeInvis +   g - +1 dagger (holy)
rCold   . . .      Faith    .   (no shield)
rNeg    . . .      Spirit   .   b - +0 animal skin
rPois   +          Reflect  .   (no helmet)
rElec   .          Harm     .   (no cloak)
rCorr   .          Rampage  .   (no gloves)
Will    .....                   (no barding)
Stlth   ..........              (no amulet)
HPRegen 0.20/turn               (no ring)
MPRegen 0.09/turn               (no ring)

@: berserking (expiring), slowed, very slow
A: AC +1, large, see invisible, deformed body, poison resistance, slowness 2,
spit poison 1, naga tail 1
a: Spit Poison, Renounce Religion, Berserk


You were on level 2 of the Dungeon.
You worshipped Trog.
Trog was aware of your devotion.
You visited 1 branch of the dungeon, and saw 2 of its levels.

You collected 62 gold pieces.

Inventory:

Hand Weapons
 a - a +0 hand axe
 g - a +1 dagger of holy wrath (weapon)
 i - a +1 dagger of speed
Armour
 b - a +0 animal skin (worn)
 h - a +1 ring mail of poison resistance
Scrolls
 c - a scroll of immolation {unknown}
 d - a scroll of silence {unknown}
 e - a scroll of vulnerability {unknown}
 f - 4 scrolls of identify {unknown}
 j - a scroll of enchant weapon {unknown}


   Skills:
 + Level 3.6 Fighting
 + Level 1.1 Short Blades
 - Level 3.2 Axes
 + Level 2.2 Armour
 + Level 2.2 Dodging
 + Level 2.0 Stealth


You had 3 spell levels left.
You didn't know any spells.
Your spell library was empty.

Dungeon Overview and Level Annotations

Branches:
Dungeon (2/15)

Altars:

Annotations:
D:2 Natasha


Innate Abilities, Weirdness & Mutations

Your serpentine skin is tough. (AC +1)
You have supernaturally acute eyesight. (SInv)
Armour fits poorly on your strangely shaped body.
Your system is resistant to poisons. (rPois)
You cover ground very slowly.
You can spit poison.
You have a snake-like lower body.


Message History

Natasha casts a spell.
You closely miss Natasha. You barely miss Natasha. Natasha barely misses you.
You closely miss Natasha. The crimson imp hits you. Natasha claws you.
You hit Natasha but do no damage. The crimson imp hits you. Natasha claws you.
You hit Natasha.
Natasha is lightly wounded.
The crimson imp barely misses you. Natasha casts a spell at you.
You feel yourself slow down.
You barely miss Natasha.
Natasha is lightly wounded.
The crimson imp hits you. Natasha claws you. The crimson imp hits you.
Natasha casts a spell at you. You resist with some effort.
A red film seems to cover your vision as you go berserk!
You feel yourself moving faster!
You feel mighty!
The crimson imp hits you but does no damage.
Natasha claws you.
* * * LOW HITPOINT WARNING * * *
You closely miss Natasha.
Natasha is lightly wounded.
The crimson imp barely misses you. Natasha claws you.
* * * LOW HITPOINT WARNING * * *
You barely miss Natasha.
Natasha is lightly wounded.
The crimson imp hits you but does no damage.
Natasha claws you.
* * * LOW HITPOINT WARNING * * *
You barely miss Natasha.
Natasha is lightly wounded.
The crimson imp hits you but does no damage.
Natasha claws you.
* * * LOW HITPOINT WARNING * * *
You barely miss Natasha.
Natasha is lightly wounded.
The crimson imp hits you.
* * * LOW HITPOINT WARNING * * *
Natasha claws you!
You die...

##....... #... ##..## #..#
.....# ##..#
.....#######..#######
.....##......##.....# #
........##...##.....####.##
.....#####............)...#
.....#####...##.5h..#....?...
................@.....##.##?.
.....<#####.###......## #
#####.# #<. #####..# .# ##.
#..# .. .# #..# .. #... #[..#
...:. .....


You could see Natasha and a crimson imp (summoned).

Vanquished Creatures
  Terence (D:2)
  Natasha (D:2)
  An adder (D:2)
  A worm (D:2)
  An endoplasm (D:1)
  2 giant cockroaches (D:1)
  2 goblins
  2 hobgoblins
  A quokka (D:1)
  8 ball pythons
  4 bats
  A kobold (D:1)
  2 rats
27 creatures vanquished.

Vanquished Creatures (others)
  6 plants (D:2)
6 creatures vanquished.

Grand Total: 33 creatures vanquished

Notes
Turn   | Place    | Note
-------+----------+-------------------------------------------
     0 | D:1      | Nato the Naga Berserker began the quest for the Orb.
     0 | D:1      | Reached XP level 1. HP: 21/21 MP: 1/1
   393 | D:1      | Found a faded altar of an unknown god.
   402 | D:1      | Reached XP level 2. HP: 22/28 MP: 2/2
  1728 | D:2      | Reached XP level 3. HP: 34/34 MP: 3/3
  2804 | D:2      | Reached skill level 1 in Stealth
  2804 | D:2      | Noticed Terence
  2818 | D:2      | Killed Terence
  2819 | D:2      | Reached XP level 4. HP: 42/42 MP: 4/4
  3183 | D:2      | Noticed Natasha
  3194 | D:2      | Killed Natasha
  3195 | D:2      | Reached skill level 1 in Short Blades
  3259 | D:2      | Noticed Natasha
  3321 | D:2      | Slain by Natasha

Illustrated notes

Levels and vault maps discovered:
D:1:      nagdon_arrival_double_spiral, layout_rooms,
          nicolae_ecumenical_snake_handling, minmay_small_reverse_x
D:2:      cheibrodos_old_hovel, layout_rooms, serial_shops, shop, uniq_sigmund,
          uniq_terence, uniq_natasha

Skill      XL: |  1  2  3  4 |
---------------+-------------+-----
Armour         | 2 |  2.2
Dodging        | 2 |  2.2
Stealth        | 1 2 |  2.0
Short Blades   | 1 |  1.1
Fighting       | |  3.6
Axes           | |  3.2

Action                   |  1- 3 |  4- 6 || total
-------------------------+-------+-------++-------
Melee: Hand axe          |    33 |       ||    33
       Dagger            |    51 |    19 ||    70
Invok: Berserk           |     6 |     1 ||     7
Armor: Animal skin       |    10 |     3 ||    13
Dodge: Dodged            |    58 |     9 ||    67

Table legend: (Time is in decaauts)
 A = Elapsed time spent in this place.
 B = Non-inter-level travel time spent in this place.
 C = Inter-level travel time spent in this place.
 D = Time resting spent in this place.
 E = Time spent auto-exploring this place.
 F = Levels seen in this place.
 G = Mean time per level.
                   A        B        C        D        E       F      G
               +--------+--------+--------+--------+--------+-----+--------+
         Total |   3652 |   3510 |    142 |   2322 |    963 |   2 | 1826.0 |
       Dungeon |   3652 |   3510 |    142 |   2322 |    963 |   2 | 1826.0 |
               +--------+--------+--------+--------+--------+-----+--------+

Top non-repeatable levels by time:
     D:1: 1965 daAuts
     D:2: 1686 daAuts
